AoeStats
← RoR | Vodka_L_2

Arabia

510118730Analyzed
1v1 RM · 3d ago on Sep 29, 2026· 27m 24s· 2 players
Game mode
Random Map
Map size
Tiny (2 player)
Population
200
Speed
Normal
Resources
Standard
Victory
Conquest
Starting age
Dark Age
Ending age
Imperial Age
RankedLock teamsTeams togetherTeam positionsShared explorationLock speedFull tech treeHidden civsTurbo modeCheats
Victory
Defeat
🇻🇳 Tupi · Vietnam
2480
+21
🇮🇹 Danes · Italy
2585
-21
Hoanginator
8:25 Loom
11:01 Feudal Age
11:32 Champi Runner
16:10 Castle Age
14:49 Scale Mail Armor
15:08 Arson
16:17 Champi Warrior
16:58 Squires
18:35 Squires
19:44 Chain Mail Armor
23:40 Double-Bit Axe
24:51 Horse Collar
RoR | Vodka_L_2
6:29 Loom
8:47 Feudal Age
10:16 Double-Bit Axe
12:05 Man-at-Arms
14:45 Fletching
15:32 Scale Mail Armor
15:46 Forging
15:22 Horse Collar
16:16 Arson
17:19 Scale Mail Armor
21:47 Castle Age
22:56 Squires
22:54 Town Watch
23:22 Bow Saw
Connection lost

Rejoining the realm…

Still unreachable

The connection could not be restored.

Session expired

The server has moved on; the page needs a fresh start.